 Dungeon Crawl Stone Soup version 0.30-a0-1164-ge08a67761e (webtiles) character file.

Game seed: 6820043058540978992

18 sirelderling the Firebug (level 2, 0/20 HPs)
             Began as a Hill Orc Fire Elementalist on Apr 29, 2023.
             Slain by a jackal (3 damage)
             ... on level 2 of the Dungeon.
             The game lasted 00:05:35 (1081 turns).

sirelderling the Firebug (HOFE)                     Turns: 1081, Time: 00:05:36

Health: 0/20       AC:  2    Str: 10    XL:     2   Next: 66%
Magic:  1/5        EV: 12    Int: 15    God:
Gold:   41         SH:  0    Dex: 11    Spells: 4/5 levels left

rFire   . . .        (no weapon)
rCold   . . .        (no shield)
rNeg    . . .        a - +0 robe
rPois   .            (no helmet)
rElec   .            (no cloak)
rCorr   .            (no gloves)
SInv    .            (no boots)
Will    .....        (no amulet)
Stlth   ++           (no ring)
HPRegen 0.23/turn    (no ring)
MPRegen 0.09/turn

%: no passive effects
@: no status effects
A: no striking features
a: no special abilities


You were on level 2 of the Dungeon.
You visited 1 branch of the dungeon, and saw 3 of its levels.

You collected 41 gold pieces.

Inventory:

Armour
 a - a +0 robe (worn)
Scrolls
 c - a scroll of noise {unknown}
 d - a scroll of fog {unknown}
 e - a scroll of immolation {unknown}
 g - 2 scrolls of poison {unknown}
 i - a scroll of enchant armour {unknown}
 k - a scroll of enchant weapon {unknown}
 l - a scroll of identify {unknown}
Potions
 b - 3 potions of magic
 f - a potion of berserk rage {unknown}
 h - 2 potions of lignification {unknown}
 j - a potion of heal wounds {unknown}


   Skills:
 - Level 1.5 Dodging
 - Level 1.5 Stealth
 + Level 2.0 Spellcasting
 - Level 1.0 Conjurations
 + Level 3.8 Fire Magic


You had 4 spell levels left.
You knew the following spells:

 Your Spells              Type           Power      Damage    Failure   Level
a - Foxfire               Conj/Fire      32%        2x1d5     9%          1

Your spell library contained the following spells:

 Spells                   Type           Power      Damage    Failure   Level
 Scorch                   Fire           26%        2d6       7%          2
 Sandblast                Erth           2%         2d4       22%         1
 Inner Flame              Hex/Fire       7%         N/A       30%         3
 Volatile Blastmotes      Fire/Tloc      14%        2d11      30%         3
 Passwall                 Tmut/Erth      0%         N/A       32%         2
 Stone Arrow              Conj/Erth      6%         3d7       47%         3
 Flame Wave               Conj/Fire      8%         2d5       63%         4
 Blade Hands              Tmut           0%         N/A       99%         5
 Irradiate                Conj/Tmut      1%         3d12      99%         5
 Dragon Form              Tmut           0%         N/A       100%        7


Dungeon Overview and Level Annotations

Branches:
Dungeon (3/15)

Altars:


Message History

Casting: Foxfire (safe; 9% risk of failure)
Confirm with . or Enter, or press ? or * to list all spells.
You conjure some foxfire!
The jackal closely misses you. The jackal completely misses you.
The foxfire hits the jackal but does no damage. x2
The adder bites you. The jackal attacks as you move away!
The jackal barely misses you. The adder bites you. The jackal bites you.
There is a stone staircase leading down here.
The adder misses you. The jackal barely misses you.
You climb downwards.
There is a stone staircase leading up here.
The adder barely misses you. The jackal completely misses you.
The adder bites you.
You climb upwards.
There is a stone staircase leading down here.
Casting: Foxfire (safe; 9% risk of failure)
Confirm with . or Enter, or press ? or * to list all spells.
You conjure some foxfire!
The jackal bites you but does no damage.
The adder closely misses you. The jackal barely misses you.
The adder attacks as you move away! The adder bites you.
* * * LOW HITPOINT WARNING * * *
The foxfire hits the adder.
The adder is moderately wounded.
The foxfire hits the jackal but does no damage.
You barely miss the adder.
The adder is moderately wounded.
The jackal bites you but does no damage.
The adder bites you.
* * * LOW HITPOINT WARNING * * *
The jackal bites you but does no damage.
You barely miss the adder.
The adder is moderately wounded.
The adder closely misses you. The jackal misses you.
The adder closely misses you.
You closely miss the adder.
The adder is moderately wounded.
The jackal bites you.
You die...

................#
...######........ ...#
#.....###.# ##
...####.....# #.. #.
#..##.......###.# #.#
..<##.#..><.....##.#
##.##.#.....###.#..#
##.##.####### #...#
##......#######.@.##
##......#.......Sh.######
..
###...............)......
.. #
#.....#.#####...#######
.. # #.....#.# #.....# K#
###...###.# ##..#.# .#
..........# #..#.## .##.#
.##..######
#.....#######.....
..........#
#...#..†)....#


You could see an adder and a jackal.

Vanquished Creatures
  A dart slug (D:2)
  A ball python (D:2)
  2 bats
  2 endoplasms (D:1)
  A hobgoblin (D:2)
  A jackal (D:2)
  A kobold (D:2)
  2 quokkas
  2 rats
13 creatures vanquished.

Vanquished Creatures (others)
  25 foxfires
25 creatures vanquished.

Grand Total: 38 creatures vanquished

Notes
Turn   | Place    | Note
-------+----------+-------------------------------------------
     0 | D:1      | sirelderling the Hill Orc Fire Elementalist began the quest
                  | for the Orb.
     0 | D:1      | Reached XP level 1. HP: 14/14 MP: 3/3
   843 | D:2      | Reached XP level 2. HP: 19/20 MP: 4/4
  1081 | D:2      | Slain by a jackal

Illustrated notes

Levels and vault maps discovered:
D:1:      ebering_hopf_link, layout_basic
D:2:      layout_loops_ring
D:3:      layout_loops_ring, amcnicky_altar_gilded

Skill      XL: |  1  2 |
---------------+-------+-----
Spellcasting   | 2 |  2.0
Dodging        | |  1.5
Stealth        | |  1.5
Conjurations   | |  1.0
Fire Magic     | |  3.8

Action                     || total
---------------------------++-------
  Melee: Unarmed           ||    42
         Punch             ||     1
   Cast: Foxfire           ||    21
 Armour: Robe              ||    32
  Dodge: Dodged            ||    71

Table legend: (Time is in decaauts)
 A = Elapsed time spent in this place.
 B = Non-inter-level travel time spent in this place.
 C = Inter-level travel time spent in this place.
 D = Time resting spent in this place.
 E = Time spent auto-exploring this place.
 F = Levels seen in this place.
 G = Mean time per level.
                   A        B        C        D        E       F      G
               +--------+--------+--------+--------+--------+-----+--------+
         Total |   1080 |   1029 |     51 |      0 |    780 |   3 |  360.0 |
       Dungeon |   1080 |   1029 |     51 |      0 |    780 |   3 |  360.0 |
               +--------+--------+--------+--------+--------+-----+--------+

Top non-repeatable levels by time:
     D:1: 812 daAuts
     D:2: 267 daAuts
     D:3: 1 daAuts
